 Dungeon Crawl Stone Soup version 0.31-a0-1-g4198be8af4 (webtiles) character file.

Game seed: 13806634173612263104

894 RascalDebosk the Magician (level 8, -10/58 HPs)
             Began as a Djinni Conjurer on May 1, 2023.
             Was an Initiate of Ashenzari.
             Mangled by an orc warrior
             ... wielding a +0 trident
              (15 damage)
             ... on level 6 of the Dungeon on May 2, 2023.
             The game lasted 00:41:31 (5136 turns).

RascalDebosk the Magician (Djinni Conjurer)         Turns: 5136, Time: 00:41:31

Health: -10/58     AC:  4    Str:  6    XL:     8   Next: 27%
Gold:   185        EV: 12    Int: 27    God:    Ashenzari [......] SH:  5 Dex: 19

rFire   + + .        s - +2 dagger (venom)
rCold   x . .        o - +0 buckler
rNeg    . . .        a - +0 robe
rPois   ∞            A - +0 helmet
rElec   .            (no cloak)
rCorr   .            t - +0 pair of gloves
SInv    .            (boots unavailable)
Will    .....        (no amulet)
Stlth   ++           f - +6 ring of dexterity
HPRegen 0.29/turn    g - +6 ring of intelligence
MPRegen 0.00/turn

%: infuse magic (-11 HP)
@: flying
A: sickness immunity, fire resistance 2, cold vulnerability 1, float, innate
caster, HP casting, extra vitality 1
a: Renounce Religion


You were on level 6 of the Dungeon.
You worshipped Ashenzari.
Ashenzari was noncommittal.
You visited 2 branches of the dungeon, and saw 7 of its levels.
You also visited: Sewer.

You collected 275 gold pieces.
You spent 90 gold pieces at shops.

Inventory:

Hand Weapons
 s - a +2 dagger of venom (weapon)
 w - a +0 rapier
Missiles
 y - a throwing net {@!f}
Armour
 a - a +0 robe (worn)
 o - a +0 buckler (worn)
 t - a +0 pair of gloves (worn)
 A - a +0 helmet (worn)
Magical Staves
 j - a staff of conjuration
Jewellery
 b - an amulet of faith
 f - a +6 ring of dexterity (left hand)
 g - a +6 ring of intelligence (right hand)
Wands
 u - a wand of paralysis (9)
Scrolls
 h - 2 scrolls of vulnerability {unknown}
 i - a scroll of identify
 k - 2 scrolls of amnesia {unknown}
 l - a scroll of summoning {unknown}
 m - a scroll of noise {unknown}
 r - a scroll of teleportation {unknown}
 x - a scroll of silence {unknown}
 z - a scroll of enchant armour {unknown}
Potions
 c - 3 potions of heal wounds
 d - 12 potions of curing
 e - a potion of lignification
 n - a potion of berserk rage
 p - 2 potions of might
 q - 2 potions of haste
 v - a potion of brilliance


   Skills:
 * Level 4.9 Fighting
 - Level 3.0 Dodging
 - Level 1.5 Stealth
 + Level 2.5 Shields
 * Level 5.1 Spellcasting
 + Level 3.3 Evocations


You knew the following spells:

 Your Spells              Type           Power      Damage    Failure   Level
a - Magic Dart            Conj           100%       1d8       1%          1
b - Searing Ray           Conj           68%        2d6       2%          2
c - Dazzling Flash        Conj/Hex       68%        N/A       4%          3
d - Fulminant Prism       Conj/Hex       17%        3d10      14%         4
e - Iskenderun's Mystic   Conj/Tloc      34%        2d8       14%         4
f - Slow                  Hex            100%       N/A       1%          1
g - Call Imp              Summ           68%        N/A       2%          2
h - Vampiric Draining     Necr           34%        2d8       4%          3
Your spell library was empty.

Dungeon Overview and Level Annotations

Branches:
Dungeon (6/15)             Temple (1/1) D:6           Sewer (visited)

Altars:
Ashenzari
Cheibriados
Dithmenos
Fedhas
Gozag
Hepliaklqana
Makhleb
Nemelex Xobeh
Okawaru
Qazlal
Ru
Uskayaw
Xom
Yredelemnul
Zin
The Shining One

Shops:
D:5 *


Innate Abilities, Weirdness & Mutations

You are immune to sickness and miasma.
You are immune to poison.
Your flesh is very heat resistant. (rF++)
You are vulnerable to cold. (rC-)
You float through the air rather than walking.
You learn spells naturally, not from books.
Your magical power is your life essence.
You have superior vitality. (+4 MHP)


Message History

Press ? for a list of commands and other information.
As you read the scroll of identify, it crumbles to dust.
p - 2 potions of might
As you read the scroll of identify, it crumbles to dust.
q - 2 potions of haste
As you read the scroll of identify, it crumbles to dust.
v - a potion of brilliance
There is an escape hatch in the ceiling here.
Found a stone staircase leading up.
You now have 185 gold pieces (gained 14).
Found a long sword.
Found 6 stones.
An orc comes into view. It is wielding a +0 dagger.
Cast which spell? (? or * to list)
Aiming: Magic Dart (safe; 1% risk of failure)
Press: ? - help, Shift-Dir - straight line, f - orc
Aim: an orc, wielding a +0 dagger (asleep, 100% to hit)
The magic dart hits the orc.
The orc is heavily wounded.
The orc shouts!
Casting: Magic Dart (safe; 1% risk of failure)
Confirm with . or Enter, or press ? or * to list all spells.
You can't see any susceptible monsters within range! (Use Z to cast anyway.)
Casting: Magic Dart (safe; 1% risk of failure)
Confirm with . or Enter, or press ? or * to list all spells.
Aiming: Magic Dart (safe; 1% risk of failure)
Press: ? - help, Shift-Dir - straight line, f/p - orc
Aim: an orc, wielding a +0 dagger (heavily wounded, 100% to hit)
The magic dart hits the orc.
You kill the orc!
An orc comes into view. It is wielding a +0 short sword.
Casting: Magic Dart (safe; 1% risk of failure)
Confirm with . or Enter, or press ? or * to list all spells.
Aiming: Magic Dart (safe; 1% risk of failure)
Press: ? - help, Shift-Dir - straight line, f - orc
Aim: an orc, wielding a +0 short sword and wearing a +0 leather armour (wandering, hasn't noticed you, 100% to hit)
The magic dart hits the orc.
The orc is heavily wounded.
The orc shouts!
Casting: Magic Dart (safe; 1% risk of failure)
Confirm with . or Enter, or press ? or * to list all spells.
Aiming: Magic Dart (safe; 1% risk of failure)
Press: ? - help, Shift-Dir - straight line, f/p - orc
Aim: an orc, wielding a +0 short sword and wearing a +0 leather armour (heavily wounded, 100% to hit)
The magic dart hits the orc.
You kill the orc!
An orc warrior comes into view. It is wielding a +0 trident.
You see here a scroll of identify.
Casting: Magic Dart (safe; 1% risk of failure)
Confirm with . or Enter, or press ? or * to list all spells.
Aiming: Searing Ray (safe; 2% risk of failure)
Press: ? - help, Shift-Dir - straight line, f - orc warrior
Aim: an orc warrior, wielding a +0 trident and wearing a +0 chain mail (78% to hit)
The searing ray hits the orc warrior.
The orc warrior is lightly wounded. (Press . to maintain the ray.)
The orc warrior hits you from afar with a +0 trident!
The searing ray hits the orc warrior.
The orc warrior is moderately wounded.
You block the orc warrior's attack.
The searing ray hits the orc warrior but does no damage.
The orc warrior is moderately wounded.
The orc warrior hits you from afar with a +0 trident!
Casting: Searing Ray (safe; 2% risk of failure)
Confirm with . or Enter, or press ? or * to list all spells.
Restarting spell: Searing Ray (safe; 2% risk of failure)
Press: ? - help, Shift-Dir - straight line, f/p - orc warrior
Aim: an orc warrior, wielding a +0 trident and wearing a +0 chain mail (moderately wounded, 78% to hit)
The searing ray hits the orc warrior.
The orc warrior is heavily wounded. (Press . to maintain the ray.)
The orc warrior hits you from afar with a +0 trident.
* * * LOW HITPOINT WARNING * * *
The searing ray hits the orc warrior.
The orc warrior is heavily wounded.
* * * LOW HITPOINT WARNING * * *
The orc warrior hits you from afar with a +0 trident.
* * * LOW HITPOINT WARNING * * *
The searing ray hits the orc warrior!
The orc warrior is severely wounded.
* * * LOW HITPOINT WARNING * * *
You block the orc warrior's attack.
Casting: Searing Ray (safe; 2% risk of failure)
Confirm with . or Enter, or press ? or * to list all spells.
Restarting spell: Searing Ray (safe; 2% risk of failure)
Press: ? - help, Shift-Dir - straight line, f/p - orc warrior
Aim: an orc warrior, wielding a +0 trident and wearing a +0 chain mail (severely wounded, 78% to hit)
The searing ray misses the orc warrior. (Press . to maintain the ray.)
* * * LOW HITPOINT WARNING * * *
The orc warrior hits you from afar with a +0 trident!
* * * LOW HITPOINT WARNING * * *
The searing ray hits the orc warrior!
The orc warrior is almost dead.
* * * LOW HITPOINT WARNING * * *
The orc warrior closely misses you.
The searing ray misses the orc warrior.
* * * LOW HITPOINT WARNING * * *
The orc warrior hits you from afar with a +0 trident!
You die...

...#### ....#.
.....# .. #....#
.... #.)).# #...#
#o...# #...###....#
#......@...##
##..........# ...
#.........## ...#
##.......## ......#
#......## #...#..##
##....##
#...#...####.....##
#...##...##.......#
.....##........##.#


You could see an orc warrior.

Vanquished Creatures
  Menkaure (D:4)
  Pargi (Sewer)
  An ogre (D:5)
  4 scorpions
  A hound (D:5)
  An orc wizard (D:5)
  3 iguanas
  4 adders
  10 gnolls
  An ufetubus (D:5)
  2 worms (D:4)
  4 dart slugs
  12 orcs
  7 endoplasms
  3 giant cockroaches
  8 goblins
  4 hobgoblins
  4 quokkas
  10 ball pythons
  9 bats
  A frilled lizard (D:2)
  8 kobolds
  2 rats
101 creatures vanquished.

Vanquished Creatures (others)
  A hobgoblin (D:1)
  5 fulminant prisms
6 creatures vanquished.

Grand Total: 107 creatures vanquished

Notes
Turn   | Place    | Note
-------+----------+-------------------------------------------
     0 | D:1      | RascalDebosk the Djinni Conjurer began the quest for the
                  | Orb.
     0 | D:1      | RascalDebosk set off with the following spells memorised:
                  | Magic Dart, Searing Ray, Dazzling Flash, Fulminant Prism,
                  | Iskenderun's Mystic Blast.
     0 | D:1      | Reached XP level 1. HP: 15/15 MP: 0/0
   219 | D:1      | Reached XP level 2. HP: 19/22 MP: 0/0
   311 | D:1      | Reached skill level 1 in Fighting
   380 | D:1      | Reached XP level 3. HP: 21/27 MP: 0/0
   380 | D:1      | Learned a level 1 spell: Slow
  1012 | D:2      | Reached skill level 1 in Evocations
  1155 | D:2      | Reached XP level 4. HP: 32/33 MP: 0/0
  1640 | D:3      | Found a glowing silver altar of Zin.
  1640 | D:3      | Found Zin's Purification Station.
  1648 | D:3      | Bought a potion of curing for 90 gold pieces
  1794 | D:3      | Found a glowing drain.
  1808 | Sewer    | Entered a sewer
  1867 | Sewer    | Noticed Pargi
  1874 | Sewer    | Killed Pargi
  1875 | Sewer    | Reached skill level 4 in Spellcasting
  1875 | Sewer    | Reached XP level 5. HP: 28/39 MP: 0/0
  1875 | Sewer    | Learned a level 2 spell: Call Imp
  3187 | D:4      | Reached XP level 6. HP: 43/46 MP: 0/0
  3201 | D:4      | Noticed Menkaure
  3208 | D:4      | Killed Menkaure
  3209 | D:4      | Reached skill level 1 in Shields
  3245 | D:4      | Reached XP level 7. HP: 22/50 MP: 0/0
  3245 | D:4      | Learned a level 3 spell: Vampiric Draining
  3815 | D:5      | Entered Level 5 of the Dungeon
  4101 | D:5      | Found Neetouch's Gadget Gallery.
  4138 | D:5      | Reached XP level 8. HP: 52/58 MP: 0/0
  4311 | D:5      | Reached skill level 5 in Spellcasting
  4796 | D:6      | Found a staircase to the Ecumenical Temple.
  4805 | Temple   | Entered the Ecumenical Temple
  4840 | Temple   | Became a worshipper of Ashenzari the Shackled
  5136 | D:6      | Mangled by an orc warrior

Illustrated notes

Levels and vault maps discovered:
D:1:      tekkud_arrival_beachfront_property, layout_basic, nrook_campfire,
          minmay_tree_intersection, roderic_roman_lattice
D:2:      layout_basic
D:3:      layout_loops_corners, zin_purify, cheibrodos_sewer_entry_drain,
          kennysheep_cross_bottleneck
D:4:      layout_rooms, kennysheep_dice, uniq_menkaure
D:5:      layout_basic, minivault_19, nicolae_shop_gadgets
D:6:      layout_layer_cave, old_standard_altar,
          minmay_temple_entry_drinking_statues, serial_shops, kennysheep_mini,
          minmay_ruffians
Temple:   mainiacjoe_temple_bowtie_tessellation

Skill      XL: |  1  2  3  4  5  6  7  8 |
---------------+-------------------------+-----
Fighting       | 1 2 3 4 |  4.9
Evocations     | 1 2 3 |  3.3
Dodging        | 3 |  3.0
Spellcasting   | 4 5 |  5.1
Shields        | 1 2 |  2.5
Stealth        | |  1.5

Action                     |  1- 3 |  4- 6 |  7- 9 || total
---------------------------+-------+-------+-------++-------
  Melee: Dagger            |       |       |     3 ||     3
   Cast: Magic Dart        |    66 |    33 |    83 ||   182
         Searing Ray       |     7 |     8 |    12 ||    27
         Fulminant Prism   |       |     5 |       ||     5
         Iskenderun's Myst |       |     2 |    10 ||    12
         Call Imp          |       |     2 |       ||     2
         Dazzling Flash    |       |       |     1 ||     1
    Use: Scroll            |       |     2 |     3 ||     5
 Armour: Robe              |       |       |     2 ||     2
  Dodge: Dodged            |     2 |     7 |     8 ||    17
  Block: Buckler           |       |       |     4 ||     4

Table legend: (Time is in decaauts)
 A = Elapsed time spent in this place.
 B = Non-inter-level travel time spent in this place.
 C = Inter-level travel time spent in this place.
 D = Time resting spent in this place.
 E = Time spent auto-exploring this place.
 F = Levels seen in this place.
 G = Mean time per level.
                   A        B        C        D        E       F      G
               +--------+--------+--------+--------+--------+-----+--------+
         Total |   5133 |   4994 |    139 |    948 |   3116 |   8 |  641.6 |
       Dungeon |   4172 |   4062 |    110 |    380 |   2859 |   6 |  695.3 |
        Temple |    232 |    203 |     29 |      0 |    184 |   1 |  232.0 |
         Sewer |    728 |    728 |      0 |    568 |     73 |   1 |  728.0 |
               +--------+--------+--------+--------+--------+-----+--------+

Top non-repeatable levels by time:
     D:1: 963 daAuts
     D:3: 891 daAuts
     D:5: 807 daAuts
     D:4: 787 daAuts
   Sewer: 728 daAuts
     D:2: 584 daAuts
  Temple: 232 daAuts
     D:6: 138 daAuts
